 Dungeon Crawl Stone Soup version 0.21-a0-442-g848f44b (webtiles) character file.

1922 nikopol the Thaumaturge (level 8, -3/42 HPs)
             Began as a Deep Elf Fire Elementalist on Nov 14, 2017.
             Slain by Joseph
             ... wielding a +0 quarterstaff
              (11 damage)
             ... on level 7 of the Dungeon.
             The game lasted 00:29:12 (6921 turns).

nikopol the Thaumaturge (DEFE)                      Turns: 6921, Time: 00:29:13

Health: -3/42      AC:  6    Str:  5    XL:     8   Next: 96%
Magic:  22/23      EV: 14    Int: 23    God:
Gold:   350        SH:  0    Dex: 15    Spells: 14/25 levels left

rFire    + . .     SeeInvis .   s - staff of energy
rCold    + . .     Gourm    .   (no shield)
rNeg     . . .     Faith    .   p - +1 robe {rC+ rF+}
rPois    .         Spirit   .   v - +2 helmet
rElec    .         Reflect  .   (no cloak)
rCorr    .         Harm     .   (no gloves)
MR       +....                  (no boots)
Stlth    ++........             (no amulet)
HPRegen  0.14/turn              j - ring of wizardry
MPRegen  0.18/turn              k - ring of protection from magic

@: about to teleport, drained
A: no striking features
a: no special abilities


You were on level 7 of the Dungeon.
You were not hungry.

You visited 2 branches of the dungeon, and saw 8 of its levels.

You collected 350 gold pieces.

Inventory:

Hand Weapons
 h - a +0 dagger
Armour
 p - a +1 robe of resistance (worn)
 v - a +2 helmet (worn)
Magical Staves
 s - an uncursed staff of energy (weapon)
Jewellery
 j - a ring of wizardry (left hand)
 k - a ring of protection from magic (right hand)
Wands
 x - a wand of scattershot (3/9)
Scrolls
 g - 3 scrolls of fog
 i - 3 scrolls of teleportation
 l - 2 scrolls of amnesia {unknown}
 m - a scroll of remove curse
 n - a scroll of fear {unknown}
 o - a scroll of enchant weapon {unknown}
 q - a scroll of identify
 u - a scroll of recharging {unknown}
 w - a scroll of immolation {unknown}
Potions
 a - a potion of mutation {unknown}
 e - 2 potions of curing
 t - 2 potions of heal wounds {unknown}
 B - a potion of flight {unknown}
Books
 b - a book of Flames

   Spells                             Type                      Level
   a - Flame Tongue                   Conjuration/Fire             1
   b - Throw Flame                    Conjuration/Fire             2
   c - Conjure Flame                  Conjuration/Fire             3
   d - Inner Flame                    Hexes/Fire                   3
   e - Sticky Flame                   Conjuration/Fire             4
   f - Fireball                       Conjuration/Fire             5
Comestibles
 c - 4 bread rations
 f - 2 meat rations
 r - 2 royal jellies
 z - 3 fruits
 A - a chunk of flesh


   Skills:
 + Level 0.5(0.4) Fighting
 + Level 1.1(1.0) Short Blades
 + Level 3.9(3.8) Dodging
 + Level 3.6 Stealth
 + Level 9.2(9.1) Spellcasting
 + Level 6.6(6.5) Conjurations
 + Level 7.5(7.4) Fire Magic


You had 14 spell levels left.
You knew the following spells:

 Your Spells              Type           Power        Failure   Level  Hunger
a - Flame Tongue          Conj/Fire      #####        1%          1    None
b - Throw Flame           Conj/Fire      #####.       1%          2    None
c - Conjure Flame         Conj/Fire      #####...     1%          3    None
d - Fireball              Conj/Fire      #####.....   4%          5    None


Dungeon Overview and Level Annotations

Branches:
Dungeon (7/15)             Temple (1/1) D:5

Altars:
Cheibriados
Dithmenos
Elyvilon
Gozag
Hepliaklqana
Kikubaaqudgha
Makhleb
Nemelex Xobeh
Okawaru
Qazlal
Ru
Trog
Uskayaw
Vehumet
Wu Jian
Xom
Yredelemnul
Zin
The Shining One

Shops:
D:3 *   D:4 =

Annotations:
D:7 Joseph


Message History

The bullfrog skeleton hits you but does no damage.
The bullfrog skeleton misses you. The bullfrog skeleton hits you.
Joseph, a Mercenary comes into view.
He is wielding a quarterstaff.
The bullfrog skeleton hits you. The bullfrog skeleton hits you.
Joseph is engulfed in blazing flames.
Joseph hits you with a quarterstaff!
* * * LOW HITPOINT WARNING * * *
The bullfrog skeleton hits you but does no damage.
Magic courses through your body.
The bullfrog skeleton completely misses you.
Joseph is engulfed in blazing flames.
Joseph hits you with a quarterstaff.
* * * LOW HITPOINT WARNING * * *
As you read the scroll of teleportation, it crumbles to dust.
You feel strangely unstable.
The bullfrog skeleton closely misses you.
Joseph is engulfed in blazing flames.
Joseph shouts, "I love to fight!
I love killing!"
Joseph hits you with a quarterstaff!
You die...

#.................<....#
#.......÷.##########.###
####.................# #
#.################# #
#.# # #.# #.# #####
######.####.....# ######
.........Z@@.$....
......
#######.####.....#
###### .... ..!.# ####.
...# .# )†# .# .# .+ #


You could see Joseph and a bullfrog skeleton.

Vanquished Creatures
  Prince Ribbit (D:7)
  A hippogriff (D:7)
  Menkaure (D:5)
  Duvessa (D:7)
  A sky beast (D:6)
  A black bear (D:7)
  A phantom (D:6)
  A centaur (D:7)
  2 scorpions
  Dowan (D:7)
  A bullfrog zombie (D:5)
  A centaur zombie (D:6)
  3 jellies
  A hound (D:7)
  A gnoll shaman (D:6)
  4 orc priests
  2 orc wizards
  A centaur skeleton (D:7)
  An iguana (D:7)
  4 worker ants
  A hound zombie (D:7)
  A worker ant zombie (D:6)
  Robin (D:1)
  A howler monkey zombie (D:5)
  7 adders
  7 gnolls
  A shadow imp (D:5)
  An adder skeleton (D:4)
  3 worms
  3 dart slugs
  3 leopard geckos
  7 orcs
  6 giant cockroaches
  16 goblins
  9 hobgoblins
  5 jackals
  7 kobolds
  6 quokkas
  A ball python (D:2)
  9 bats
  6 frilled lizards
  A leopard gecko skeleton (D:7)
  A quokka skeleton (D:6)
  9 rats
142 creatures vanquished.

Notes
Turn   | Place    | Note
-------+----------+-------------------------------------------
     0 | D:1      | nikopol the Deep Elf Fire Elementalist began the quest for the Orb.
     0 | D:1      | Reached XP level 1. HP: 10/10 MP: 6/6
   128 | D:1      | Reached XP level 2. HP: 15/15 MP: 0/8
   680 | D:2      | Noticed Robin
   689 | D:1      | Killed Robin
   689 | D:1      | Reached XP level 3. HP: 5/19 MP: 1/10
   919 | D:2      | Reached skill level 4 in Spellcasting
  1378 | D:2      | Reached XP level 4. HP: 24/24 MP: 2/12
  1471 | D:2      | Found a shadowy altar of Dithmenos.
  1648 | D:2      | Learned a level 2 spell: Throw Flame
  1656 | D:2      | Learned a level 3 spell: Conjure Flame
  2179 | D:2      | Reached XP level 5. HP: 18/28 MP: 0/14
  2186 | D:2      | Learned a level 5 spell: Fireball
  2396 | D:3      | Found Zin's Purification Station.
  2399 | D:3      | Found a glowing silver altar of Zin.
  2424 | D:3      | Reached skill level 5 in Spellcasting
  2963 | D:4      | Found Firioff's Jewellery Shoppe.
  3385 | D:4      | Reached XP level 6. HP: 32/32 MP: 10/16
  3422 | D:5      | Entered Level 5 of the Dungeon
  3502 | D:5      | Reached skill level 6 in Spellcasting
  3925 | D:5      | Noticed Menkaure
  3950 | D:5      | Killed Menkaure
  3950 | D:5      | Reached skill level 5 in Fire Magic
  4243 | D:5      | Found a shimmering altar of Xom.
  4366 | D:5      | Found a faded altar of an unknown god.
  4366 | D:5      | Found a hide-covered altar of Uskayaw.
  4377 | D:5      | Found an ancient bone altar of Kikubaaqudgha.
  4383 | D:5      | Found a burning altar of Makhleb.
  4385 | D:5      | Found a faded altar of an unknown god.
  4474 | D:5      | Reached XP level 7. HP: 36/36 MP: 13/18
  4496 | D:5      | Found a staircase to the Ecumenical Temple.
  4504 | Temple   | Entered the Ecumenical Temple
  4756 | D:5      | Found a hazy altar of Hepliaklqana.
  5352 | D:6      | Found a radiant altar of Vehumet.
  5391 | D:6      | Reached skill level 1 in Short Blades
  5516 | D:6      | Reached skill level 7 in Spellcasting
  5537 | D:6      | Reached skill level 5 in Conjurations
  5756 | D:6      | Reached XP level 8. HP: 36/42 MP: 11/21
  6242 | D:7      | Noticed a hippogriff
  6248 | D:7      | Killed a hippogriff
  6248 | D:7      | Reached skill level 8 in Spellcasting
  6447 | D:7      | Noticed Prince Ribbit
  6453 | D:7      | Killed Prince Ribbit
  6713 | D:7      | Reached skill level 9 in Spellcasting
  6877 | D:7      | Found a bloodstained altar of Trog.
  6908 | D:7      | Noticed Dowan
  6910 | D:7      | Killed Dowan
  6911 | D:7      | Noticed Duvessa
  6915 | D:7      | Killed Duvessa
  6918 | D:7      | Noticed Joseph
  6921 | D:7      | Slain by Joseph

Vault maps used:
D:1:      lightli_arrival_chessboard
D:2:      nicolae_overflow_crystal_walls, uniq_robin
D:3:      minmay_wonky_spiral, zin_purify, first_bread
D:4:      serial_shops, shop
D:5:      kennysheep_mini, chequers_temple_overflow_minitemple,
          marbit_many_paths, minmay_temple_entry_statues_fountains,
          kennysheep_windowed_goal, uniq_menkaure
D:6:      kennysheep_little_box, serial_glass, glass_columns_a, glass_columns_a,
          corexii_corridor_pit
D:7:      trog_ov_bears_minmay, uniq_joseph, uniq_duvessa, uniq_prince_ribbit1
Temple:   dpeg_chambers_temple

Skill      XL: |  1  2  3  4  5  6  7  8 |
---------------+-------------------------+-----
Conjurations   | 2 3 4 5 6 |  6.6
Spellcasting   | 4 5 6 7 9 |  9.2
Fire Magic     | 4 5 6 7 |  7.5
Dodging        | 3 |  3.9
Stealth        | 3 |  3.6
Short Blades   | 1 |  1.1
Fighting       | |  0.5

Action                   |  1- 3 |  4- 6 |  7- 9 || total
-------------------------+-------+-------+-------++-------
Melee: Unarmed           |     1 |       |       ||     1
       Dagger            |       |    80 |       ||    80
 Cast: Flame Tongue      |    71 |   131 |   103 ||   305
       Conjure Flame     |       |     2 |     4 ||     6
       Throw Flame       |       |    10 |    18 ||    28
       Fireball          |       |       |    11 ||    11
  Use: Scroll            |       |     7 |     3 ||    10
       Potion            |       |       |     1 ||     1
  Eat: Chunk             |     1 |     9 |     7 ||    17
       Fruit             |       |       |     2 ||     2
Armor: Robe              |     9 |    48 |    11 ||    68
Dodge: Dodged            |    26 |    72 |    25 ||   123

Table legend:
 A = Spawn XP
 B = Non-spawn XP
 C = Spawn XP percentage of total XP
 D = Spawn monster count
 E = Non-spawn monster count
 F = Spawn count percentage of total count
 G = Total turns spent on level
                    A         B        C        D         E        F      G
               +---------+---------+-------+---------+---------+-------+---------
         Total |       0 |    2746 |   0.0 |       0 |     142 |   0.0 |  6921
               +---------+---------+-------+---------+---------+-------+---------
           D:1 |       0 |      55 |   0.0 |       0 |      25 |   0.0 |  1098
           D:2 |       0 |     143 |   0.0 |       0 |      34 |   0.0 |  1240
           D:3 |       0 |      50 |   0.0 |       0 |      19 |   0.0 |   525
           D:4 |       0 |     139 |   0.0 |       0 |      10 |   0.0 |   675
           D:5 |       0 |     375 |   0.0 |       0 |      12 |   0.0 |  1323
           D:6 |       0 |     813 |   0.0 |       0 |      24 |   0.0 |  1425
           D:7 |       0 |    1171 |   0.0 |       0 |      18 |   0.0 |   432
               +---------+---------+-------+---------+---------+-------+---------
